Unix NetHack Version 5.0.0-0 post-release - last build May 17 2026 04:57:42 (dc50c8380fa5e20985bfe3072449f57b8d9895ef,branch:main).

Game began 2026-05-20 03:41:19, ended 2026-05-20 03:50:05.

ArrBianca, lawful female dwarven Archeologist

                                                                       -----
                                                                       |...|
                                                                    ###-...|
                                                      -------------##  |(..|
  ------------                                        |...........-#   |...|
  |!.%)(/=!).|               --------            #####............|    |...|
  |![?!!?(?+.|               |.......##               |...........|####-....
  |%[[(!)%..@@#d#####        |......| ##           ###-...........|#   -----
  |="/))!.]?m|      #########.<.....|  #   -----   #  |...........|#
  |][?+)?."*.|               --------  ####....|   #  -------------#
  ------------                             |....####################
                                           |>..|
                                           |...|
                                           |...|
                                           --.#-
                                             ##

ArrBianca the Field Worker  St:9 Dx:7 Co:19 In:16 Wi:15 Ch:8  Lawful
Dlvl:3  $:42 HP:0(32) Pw:9(9) AC:9  Xp:3 T:1043 

Latest messages:
 You hear someone cursing shoplifters.
 You stop.  Franklin is in the way!
 You swap places with Franklin.
 Ouch!  You bump into a door.
 This door is locked.
 Unlock it with your lock pick? [ynq] (q) y
 You succeed in picking the lock.
 The door opens.
 You swap places with Franklin.
 You see here a chest.
 In what direction? .
 Hmmm, the chest turns out to be locked.
 Unlock it with your lock pick? [ynq] (q) y
 You succeed in picking the lock.
 In what direction? .
 You decipher the label on your scroll labeled PHOL ENDE WODAN.
 x - a scroll of magic mapping.
 The door opens.
 $ - 4 gold pieces (42 in total).
 You swap places with Franklin.
 Ouch!  You bump into a door.
 The door opens.
 The coyote bites!
 You kill the coyote!
 You see here a coyote corpse.
 You kill the grid bug!
 There is a coyote corpse here; eat it? [ynq] (n) y
 This coyote corpse is fatty.
 You finish eating the coyote corpse.
 You see here a worthless piece of blue glass.
 You kill the gecko!
 You see here a gecko corpse.
 There is a gecko corpse here; eat it? [ynq] (n) y
 This gecko corpse tastes okay.
 You finish eating the gecko corpse.
 Franklin picks up a worthless piece of blue glass.
 "Hello, ArrBianca!  Welcome again to Asidonhopo's general store!"
 "Will you please leave your pick-axe outside?"
 You find a giant mimic.
 The giant mimic hits!
 The giant mimic hits again!
 You cannot escape from the giant mimic!
 You cannot escape from the giant mimic!
 You cannot escape from the giant mimic!
 You cannot escape from the giant mimic!
 The giant mimic hits!
 The giant mimic hits again!
 You die...
 Asidonhopo gratefully inherits all your possessions.
 Do you want to see what you had when you died? [ynq] (y) q

Inventory:
 Coins    ('$')
  $ - 42 gold pieces
 Weapons  (')')
  a - a +2 bullwhip (weapon in right hand)
 Armor    ('[')
  c - an uncursed +0 fedora (being worn)
  b - an uncursed +0 leather jacket (being worn)
 Comestibles  ('%')
  s - an uncursed food ration
 Scrolls  ('?')
  x - an uncursed scroll of magic mapping
  v - a blessed scroll of teleportation
 Tools    ('(')
  h - a blessed greased bag of holding named BoH containing 9 items
  w - an uncursed lock pick
  e - a +0 pick-axe (alternate weapon; not wielded)
  f - a tinning kit (0:67)
 Gems/Stones  ('*')
  g - an uncursed touchstone

Contents of the bag of holding named BoH:
  an uncursed +0 pair of speed boots
  an uncursed +0 leather jacket
  3 uncursed food rations
  an uncursed lichen corpse
  an uncursed potion of water
  a wand of wishing (0:0)
  an empty uncursed sack
  a blessed magic lamp
  an uncursed oil lamp

ArrBianca the Archeologist's attributes:

Background:
 You were a Field Worker, a level 3 female dwarven Archeologist.
 You were lawful, nominally on a mission for Quetzalcoatl
 who was opposed by Camaxtli (neutral) and Huhetotl (chaotic).
 You were right-handed.
 You were in the Dungeons of Doom, on level 3.
 You entered the dungeon 1043 turns ago.
 It was nighttime.
 You had 46 experience points, 34 more were needed to attain level 4.

Basics:
 You had 0 out of 32 hit points.
 You had all 9 energy points (spell power).
 Your armor class was 9.
 Your wallet contained 42 zorkmids.
 Autopickup was on for '$?!/="+%' plus thrown, with exceptions.

Final Characteristics:
 Your strength was 9 (peak:12, limit:18/100).
 Your dexterity was 7 (limit:20).
 Your constitution was 19 (limit:20).
 Your intelligence was 16 (limit:16).
 Your wisdom was 15 (limit:16).
 Your charisma was 8 (limit:16).

Final Status:
 You were held by a giant mimic (southwest).
 You weren't hungry.
 You were unencumbered.
 You were wielding a whip.
 You had basic skill with whip.

Final Attributes:
 You were devoutly aligned.
 You had automatic searching.
 You had infravision.
 You were lucky.
 You are dead.

Miscellaneous:
 You didn't encounter any bones levels.
 Total elapsed playing time was 8 minutes and 46 seconds.

Major events:
 Turn
    1: ArrBianca the lawful female dwarven Archeologist entered the dungeon
  208: made her first wish - "blessed greased bag of holding", got "a greased bag"
  836: attained the rank of Field Worker (level 3)
 1043: killed by a giant mimic

You didn't know any spells.

Skills:
 Fighting Skills
   bare handed combat [Unskilled]
   two weapon combat  [Unskilled]
   riding             [Unskilled]
 Weapon Skills
   dagger             [Unskilled]
   knife              [Unskilled]
   pick-axe           [Basic]
   short sword        [Unskilled]
   saber              [Unskilled]
   club               [Unskilled]
   quarterstaff       [Unskilled]
   sling              [Unskilled]
   dart               [Unskilled]
   boomerang          [Unskilled]
   whip               [Basic]
   unicorn horn       [Unskilled]
 Spellcasting Skills
   attack spells      [Unskilled]
   healing spells     [Unskilled]
   divination spells  [Unskilled]
   matter spells      [Unskilled]

Voluntary challenges:
 Character rerolling was not enabled.
 You were an atheist.
 You never genocided any monsters.
 You never polymorphed an object.
 You never changed form.
 You used 1 wish.
 You did not wish for any artifacts.
Achievements:
 You entered a shop.
 You attained the rank of Field Worker.

 The Dungeons of Doom: levels 1 to 3
    Level 1:
    Level 2:
       Some fountains.
    Level 3: "L mimic in shop rip" <- You were here.
       A general store.
       Final resting place for
          you, killed by a giant mimic.


Vanquished creatures:
  a coyote
  2 giant rats
  a gecko
  a jackal
  a fox
  2 kobolds
  3 goblins
  4 grid bugs
  2 lichens
  a kobold zombie
  4 newts
22 creatures vanquished.

No species were genocided or became extinct.

Game over:
                       ----------
                      /          \
                     /    REST    \
                    /      IN      \
                   /     PEACE      \
                  /                  \
                  |    ArrBianca     |
                  |      42 Au       |
                  |   killed by a    |
                  |   giant mimic    |
                  |                  |
                  |                  |
                  |       2026       |
                 *|     *  *  *      | *
        _________)/\\_//(\/(/\)/\//\/|_)_______

Goodbye ArrBianca the Archeologist...

You died in The Dungeons of Doom on dungeon level 3 with 332 points,
and 42 pieces of gold, after 1043 moves.
You were level 3 with a maximum of 32 hit points when you died.

